 Dungeon Crawl Stone Soup version 0.22-a0-305-gd21a89c (webtiles) character file.

35200 ololoev the Arsonist (level 13, -1/84 (86) HPs)
             Began as a Ghoul Fire Elementalist on Mar 29, 2018.
             Was a High Priest of Vehumet.
             Slain by a crocodile (12 damage)
             ... on level 6 of the Lair of Beasts.
             The game lasted 01:13:59 (18724 turns).

ololoev the Arsonist (Ghoul Fire Elementalist)     Turns: 18724, Time: 01:14:00

HP:   -1/84 (86)    AC: 10    Str: 16    XL:     13   Next: 82%
MP:   12/27         EV: 12    Int: 14    God:    Vehumet [*****.]
Gold: 758           SH:  0    Dex:  9    Spells: 16/34 levels left

rFire    + . .     SeeInvis +   a - +7 dagger (venom)
rCold    + . .     Gourm    .   (no shield)
rNeg     + + +     Faith    .   v - +2 robe {Archmagi}
rPois    ∞         Spirit   .   E - +0 helmet {SInv}
rElec    .         Reflect  .   H - +0 cloak
rCorr    .         Harm     .   k - +2 pair of gloves {Str+3}
MR       .....                  j - +0 pair of boots
Stlth    ++........             z - amulet of regeneration
HPRegen  0.00/turn              t - ring of protection from fire
MPRegen  0.20/turn              s - ring of wizardry

@: rotting
A: rotting body, claws 1, carnivore, cold resistance 1, negative energy
resistance 3, inhibited regeneration, torment resistance, unbreathing
a: Renounce Religion


Innate Abilities, Weirdness & Mutations

Your body is rotting away.
You thrive on raw meat.
You are immune to poison.
You have sharp fingernails.
You are carnivorous and can eat meat at any time.
Your flesh is cold resistant. (rC+)
You are immune to negative energy. (rN+++)
You do not regenerate when monsters are visible.
You are immune to unholy pain and torment.
You can survive without breathing.

Inventory:

Hand Weapons
 a - a +7 dagger of venom (weapon)
Missiles
 D - 2 throwing nets (quivered)
Armour
 j - a +0 pair of boots (worn)
 k - a +2 pair of gloves of strength (worn)
 v - a +2 robe of the Archmagi (worn)
 A - the +4 shield "Icaeh" {*Drain Regen+ Str+2}
   (You found it on level 3 of the Lair of Beasts)

   It affects your strength (+2).
   It increases your rate of regeneration.
   It causes draining when unequipped.
 E - a +0 helmet of see invisible (worn)
 H - a +0 cloak (worn)
Jewellery
 s - a ring of wizardry (right hand)
 t - a ring of protection from fire (left hand)
 y - a cursed amulet of inaccuracy {unknown}
 z - an amulet of regeneration (around neck)
Wands
 x - a wand of acid (23)
Scrolls
 g - 7 scrolls of amnesia
 h - 3 scrolls of immolation
 i - a scroll of enchant armour
 l - 11 scrolls of remove curse
 o - 7 scrolls of teleportation
 q - a scroll of magic mapping
 G - a scroll of noise {unknown}
Potions
 b - 6 potions of might
 d - a potion of flight {unknown}
 e - 5 potions of curing
 f - a potion of magic {unknown}
 m - 3 potions of agility {unknown}
 n - 2 potions of heal wounds {unknown}
 p - a potion of cancellation {unknown}
 u - 2 potions of brilliance {unknown}
 w - 3 potions of resistance {unknown}
 C - a potion of haste
 F - a potion of lignification {unknown}
Comestibles
 c - 30 rations


   Skills:
 - Level 1.7 Dodging
 - Level 2.1 Stealth
 + Level 2.5 Shields
 + Level 11.3 Spellcasting
 + Level 11.3 Conjurations
 + Level 11.5 Fire Magic


You had 16 spell levels left.
You knew the following spells:

 Your Spells              Type           Power        Failure   Level  Hunger
a - Flame Tongue          Conj/Fire      #####        1%          1    None
b - Conjure Flame         Conj/Fire      ######..     1%          3    None
c - Sticky Flame          Conj/Fire      ######..     1%          4    ###....
d - Fireball              Conj/Fire      ######....   1%          5    #####..
e - Summon Butterflies    Summ           ##......     3%          1    None
f - Iskenderun's Mystic   Conj           ######..     1%          4    ###....


You were on level 6 of the Lair of Beasts.
You worshipped Vehumet.
Vehumet was extremely pleased with you.
You were not hungry.

You visited 3 branches of the dungeon, and saw 18 of its levels.

You collected 896 gold pieces.
You spent 138 gold pieces at shops.

............ ..
...........#...
...........#...
....F.........P
.........t.l...
.........F.....
....D..FFY.....
#S@§†.....
......YFt......
...............
...............
...............
...............
...............
...............

Notes
Turn   | Place    | Note
-------+----------+-------------------------------------------
     0 | D:1      | ololoev the Ghoul Fire Elementalist began the quest for the Orb.
     0 | D:1      | Reached XP level 1. HP: 14/14 MP: 2/2
   104 | D:1      | Reached skill level 1 in Conjurations
   130 | D:1      | Reached XP level 2. HP: 7/20 MP: 1/3
   662 | D:1      | Reached XP level 3. HP: 26/26 MP: 5/5
   667 | D:1      | Learned a level 3 spell: Conjure Flame
  1136 | D:2      | Found a shimmering altar of Xom.
  1176 | D:2      | Reached XP level 4. HP: 16/33 MP: 1/6
  1685 | D:3      | Reached XP level 5. HP: 25/38 MP: 1/7
  1952 | D:3      | Learned a level 4 spell: Sticky Flame
  2372 | D:3      | Reached XP level 6. HP: 45/45 MP: 6/9
  2410 | D:3      | Found a shimmering altar of Xom.
  2577 | D:4      | Noticed Sigmund
  2577 | D:4      | Noticed Blork the orc
  2596 | D:4      | Found Cism's Antique Armour Boutique.
  2617 | D:3      | Killed Blork the orc
  2760 | D:4      | Reached XP level 7. HP: 37/50 MP: 6/11
  2914 | D:4      | Killed Sigmund
  3287 | D:4      | Found a staircase to the Ecumenical Temple.
  3293 | Temple   | Entered the Ecumenical Temple
  3457 | Temple   | Became a worshipper of Vehumet
  3505 | D:4      | Noticed Menkaure
  3511 | D:4      | Killed Menkaure
  3511 | D:4      | Reached XP level 8. HP: 41/57 MP: 5/13
  3852 | D:5      | Entered Level 5 of the Dungeon
  3972 | D:5      | Reached skill level 5 in Fire Magic
  3982 | D:4      | Learned a level 5 spell: Fireball
  4162 | D:5      | Found a shattered altar of Ashenzari.
  4210 | D:5      | Noticed Edmund
  4225 | D:5      | Killed Edmund
  4358 | D:5      | Found a shattered altar of Ashenzari.
  4440 | D:5      | Reached skill level 5 in Spellcasting
  4440 | D:5      | Reached skill level 5 in Conjurations
  4764 | D:5      | Noticed Dowan
  4790 | D:5      | Noticed Duvessa
  4801 | D:5      | Killed Duvessa
  5038 | D:5      | Killed Dowan
  5239 | D:6      | Reached XP level 9. HP: 53/60 MP: 7/16
  5371 | D:6      | Reached * piety under Vehumet
  5371 | D:6      | Offered knowledge of Sting by Vehumet.
  6294 | D:7      | Offered knowledge of Shock by Vehumet.
  6310 | D:7      | Reached ** piety under Vehumet
  6809 | D:7      | Reached XP level 10. HP: 69/69 MP: 15/19
  6832 | D:7      | Amnesiac: йо, как успехи
  6833 | D:7      | ololoev: потабал с окой, как-то мутно идет, решил слиться
  6833 | D:7      | ololoev: сейчас фаер элементалист к успеху идет
  6833 | D:7      | Amnesiac: я буду ща ghee наверное пробовать
  6833 | D:7      | ololoev: +5 даггер отжал
  6833 | D:7      | ololoev: еще арчмаги
  6833 | D:7      | Amnesiac: хорошее дело
  7547 | D:8      | Amnesiac: чё-то с орков в последнее время сложней арчмаги снять, может потому что они не респятся
  7636 | D:8      | Noticed an elephant
  7781 | D:8      | Amnesiac: перчи какие-то лежат
  7786 | D:8      | ololoev: это +1
  7786 | D:8      | ololoev: у меня есть +2 силы
  7805 | D:8      | Killed an elephant
  7833 | D:8      | Offered knowledge of Dazzling Spray by Vehumet.
  7956 | D:8      | Found a sparkling altar of Nemelex Xobeh.
  7957 | D:8      | Found a deep blue altar of Sif Muna.
  7958 | D:8      | Found a hazy altar of Hepliaklqana.
  7996 | D:8      | Found a staircase to the Lair.
  8144 | D:8      | Reached *** piety under Vehumet
  8774 | D:9      | Amnesiac: а бабочек взять?
  8778 | D:9      | Amnesiac: хороший спел
  8778 | D:9      | ololoev: нинужно
  8782 | D:9      | Amnesiac: всем нужно, в тунеле пердануть и фиг кто доберётся
  8782 | D:9      | ololoev: конечно нужны порой, но редко
  8782 | D:9      | ololoev: можно взять в принципе, слоты есть
  8784 | D:9      | Learned a level 1 spell: Summon Butterflies
  8841 | D:9      | Amnesiac: может спасти
  9060 | D:9      | Identified Diaclol's Grimoire of Nature
  9110 | D:9      | Found a blossoming altar of Fedhas.
  9261 | D:10     | Entered Level 10 of the Dungeon
  9273 | D:10     | Noticed Harold
  9282 | D:10     | Killed Harold
  9282 | D:10     | Reached XP level 11. HP: 35/74 MP: 7/22
  9301 | D:10     | Found Ykellus's Armour Shoppe.
  9307 | D:10     | Bought a +0 helmet of see invisible for 138 gold pieces
  9521 | D:10     | Offered knowledge of Static Discharge by Vehumet.
  9796 | D:10     | Found a staircase to the Orcish Mines.
  9964 | D:10     | Reached **** piety under Vehumet
  9975 | D:10     | Offered knowledge of Ignite Poison by Vehumet.
 10152 | D:10     | Found Ruecoich's Armour Shoppe.
 10263 | D:10     | ololoev: астрологи объявили месяц армора
 10562 | D:11     | Amnesiac: это отсылка к хирос?
 10564 | D:11     | ololoev: da
 10564 | D:11     | ololoev: уже третий армор шоп
 10758 | D:11     | Noticed a soul eater
 11352 | D:11     | Noticed a two-headed ogre
 11356 | D:11     | Killed a two-headed ogre
 11608 | D:11     | Noticed a five-headed hydra
 11621 | D:11     | Killed a five-headed hydra
 11621 | D:11     | Reached XP level 12. HP: 55/81 MP: 5/24
 11939 | Lair:1   | Entered Level 1 of the Lair of Beasts
 12005 | Lair:1   | Reached ***** piety under Vehumet
 12142 | Lair:1   | Offered knowledge of Iskenderun's Mystic Blast by Vehumet.
 12151 | Lair:1   | Learned a level 4 spell: Iskenderun's Mystic Blast
 12254 | Lair:1   | Reached skill level 10 in Fire Magic
 12373 | Lair:1   | Reached skill level 10 in Spellcasting
 12373 | Lair:1   | Reached skill level 10 in Conjurations
 12559 | Lair:1   | Noticed a four-headed hydra
 12562 | Lair:1   | Killed a four-headed hydra
 13502 | Lair:2   | Found a staircase to the Snake Pit.
 13840 | Lair:2   | Found a staircase to the Swamp.
 14607 | Lair:3   | Noticed Nergalle
 14613 | Lair:3   | Got a heavily runed shield
 14619 | Lair:3   | Identified the +4 shield "Icaeh" {*Drain Regen+ Str+2} (You found it on level 3 of the Lair of Beasts)
 14660 | Lair:3   | Reached XP level 13. HP: 81/86 MP: 12/26
 15691 | Lair:3   | Killed Nergalle
 16751 | Lair:4   | Offered knowledge of Airstrike by Vehumet.
 17444 | Lair:5   | Reached skill level 1 in Shields
 18702 | Lair:6   | Entered Level 6 of the Lair of Beasts
 18724 | Lair:6   | Slain by a crocodile

Dungeon Overview and Level Annotations

Branches:
Dungeon (11/15)            Temple (1/1) D:4            Lair (6/6) D:8
  Swamp (0/4) Lair:2        Snake (0/4) Lair:2          Orc (0/2) D:10
  Slime: Lair:5-6

Altars:
Ashenzari
Cheibriados
Dithmenos
Elyvilon
Fedhas
Gozag
Hepliaklqana
Kikubaaqudgha
Makhleb
Nemelex Xobeh
Okawaru
Qazlal
Ru
Sif Muna
Trog
Uskayaw
Vehumet
Wu Jian
Xom
Yredelemnul
Zin
The Shining One

Shops:
D:4 [   D:10 [[


Message History

Unknown command.
Casting: Fireball (safe; 1% risk of failure)
Confirm with . or Enter, or press ? or * to list all spells.
Aiming: Fireball (safe; 1% risk of failure)
Press: ? - help, Shift-Dir - straight line You feel a surge of power!
The fireball explodes!
The fireball engulfs the spiny frog.
You kill the spiny frog!
Vehumet accepts your kill.
You feel your power returning.
The fireball engulfs the black mamba.
The black mamba is heavily wounded.
The fireball engulfs the spiny frog.
The spiny frog is almost dead.
You are feeling very hungry.
The blink frog blinks!
The blink frog hits you! x2
Unknown command.
Unknown command.
Unknown command.
Unknown command.
Unknown command.
Unknown command.
Unknown command.
Unknown command.
Unknown command.
Unknown command.
The blink frog blinks!
The blink frog closely misses you. The black mamba bites you!
You climb upwards.
There is a stone staircase leading down here.
Casting: Fireball (safe; 1% risk of failure)
Confirm with . or Enter, or press ? or * to list all spells.
Aiming: Sticky Flame (safe; 1% risk of failure)
Press: ? - help, Shift-Dir - straight line, f - blink frog
Aim: a blink frog You feel a surge of power!
The sticky flame hits the blink frog.
The blink frog is lightly wounded.
The blink frog is covered in liquid flames!
The blink frog burns!
The blink frog closely misses you.
Casting: Sticky Flame (safe; 1% risk of failure)
Confirm with . or Enter, or press ? or * to list all spells.
Aiming: Sticky Flame (safe; 1% risk of failure)
Press: ? - help, Shift-Dir - straight line, f/p - blink frog
Aim: a blink frog (lightly wounded, covered in liquid flames)
You feel a surge of power!
The sticky flame hits the blink frog.
The blink frog is moderately wounded.
The blink frog is covered in liquid flames!
The blink frog burns!
The blink frog closely misses you. The blink frog barely misses you.
The blink frog burns!
The blink frog burns!
The blink frog misses you.
The blink frog burns!
The blink frog burns!
The blink frog blinks!
The blink frog burns!
You kill the blink frog!
Vehumet accepts your kill.
You feel your power returning.
There is a stone staircase leading down here.
You see here a blink frog corpse.
You butcher the blink frog corpse.
r - 3 chunks of flesh
There is a stone staircase leading down here.
You see here a blink frog skeleton.
Eat one of 3 chunks of flesh? (ye/n/q)
You eat one of the 3 chunks of flesh.
You feel more resilient.
This raw flesh tastes great!
Eat one of 2 chunks of flesh? (ye/n/q)
You eat one of the 2 chunks of flesh.
You feel more resilient.
This raw flesh tastes great!
Eat a chunk of flesh? (ye/n/q)
You eat the chunk of flesh.
You feel more resilient.
This raw flesh tastes great!
You climb downwards.
A crocodile, a death yak, an elephant and a spiny frog come into view.
The elephant trumpets!
The spiny frog croaks.
You hear a roar!
The black mamba bites you! The spiny frog barely misses you.
The blink frog hits you! The death yak gores you!!
The spiny frog closely misses you. The black mamba bites you!
The blink frog blinks!
The spiny frog barely misses you. The blink frog hits you!
The blink frog blinks!
The crocodile bites you!
You die...

You could see a death yak, a five-headed hydra, an elephant, a black mamba, 3 spiny frogs, a basilisk, 2 blink frogs and 2 crocodiles.

Vanquished Creatures
  2 hydras
  Harold (D:10)
  A two-headed ogre (D:11)
  Nergalle (Lair:3)
  7 elephants
  2 torpor snails (Lair:5)
  2 centaur zombies
  7 black mambas
  8 spiny frogs
  A rime drake (Lair:1)
  2 kobold demonologists (D:11)
  8 komodo dragons
  2 trolls
  A polar bear (Lair:4)
  A hornet (D:9)
  10 blink frogs
  2 hippogriffs
  Sigmund (D:4)
  A wyvern (D:8)
  A human (D:8)
  A wraith (D:10)
  33 yaks
  A basilisk (D:8)
  4 hogs (D:8)
  A steam dragon (Lair:4)
  Menkaure (D:4)
  Edmund (D:5)
  10 porcupines
  Duvessa (D:5)
  17 water moccasins
  5 orc warriors
  4 sky beasts
  12 ogres
  5 black bears
  2 phantoms (D:10)
  A centaur (D:10)
  17 wolves
  7 crocodiles
  5 big kobolds
  Blork the orc (D:3)
  5 gnoll sergeants
  12 bullfrogs
  A wyvern zombie (D:10)
  Dowan (D:5)
  2 scorpions
  10 killer bees
  2 oklob saplings (D:9)
  5 wights (D:11)
  2 howler monkeys
  5 crimson imps
  A bullfrog zombie (D:6)
  A jelly (D:8)
  5 gnoll shamans (D:7)
  5 hounds
  5 orc wizards
  4 bullfrog skeletons
  A centaur skeleton (D:8)
  7 iguanas
  A hell rat (Lair:4)
  7 worker ants
  A hound zombie (D:6)
  A hound skeleton (D:10)
  A worker ant zombie (D:11)
  A howler monkey skeleton (D:4)
  25 gnolls
  24 adders
  2 shadow imps (D:5)
  An ooze (D:5)
  An adder zombie (D:8)
  4 worms
  2 dart slugs
  5 leopard geckos
  33 orcs
  11 ball pythons
  10 bats
  2 bat skeletons (D:2)
  A bat zombie (D:2)
  7 giant cockroaches
  10 goblins
  9 hobgoblins
  5 jackals
  A quokka (D:10)
  A ball python skeleton (D:2)
  10 frilled lizards
  A giant cockroach zombie (D:6)
  9 kobolds
  A leopard gecko zombie (D:5)
  13 rats
  2 fungi (D:7)
  4 plants
470 creatures vanquished.

Vanquished Creatures (others)
  A bush (Lair:5)
  10 fungi
  6 plants
17 creatures vanquished.

Grand Total: 487 creatures vanquished

Action                   |  1- 3 |  4- 6 |  7- 9 | 10-12 | 13-15 || total
-------------------------+-------+-------+-------+-------+-------++-------
Melee: Unarmed           |    28 |       |       |       |       ||    28
       Whip              |     5 |       |       |       |       ||     5
       Dagger            |   107 |    89 |    88 |   298 |    69 ||   651
       Spear             |       |       |    57 |       |       ||    57
 Fire: Hunting sling     |       |    74 |    42 |       |       ||   116
 Cast: Flame Tongue      |    36 |    61 |    63 |    89 |    25 ||   274
       Conjure Flame     |       |     4 |    16 |    26 |    11 ||    57
       Sticky Flame      |       |     3 |    21 |    53 |    40 ||   117
       Fireball          |       |       |     7 |    90 |    71 ||   168
Evoke: Wand              |       |       |    41 |    19 |     2 ||    62
  Use: Scroll            |       |       |     6 |    15 |     3 ||    24
       Potion            |       |       |       |       |     2 ||     2
 Stab: Sleeping          |     3 |     3 |     3 |     1 |       ||    10
       Paralysed         |       |       |     1 |       |       ||     1
  Eat: Chunk             |    27 |    26 |    39 |    88 |    39 ||   219
       Ration            |       |       |       |       |     3 ||     3
Armor: Robe              |    49 |    35 |    42 |   128 |    32 ||   286
Dodge: Dodged            |   132 |   100 |   103 |   215 |    78 ||   628
Block: Other             |       |       |    18 |    37 |       ||    55
       Reflection        |       |       |       |     4 |       ||     4

Vault maps used:
D:1:      minmay_arrival_doors, minmay_fountain_box, hangedman_decor_growths
D:2:      lemuel_crystal_altar, serial_undead, serial_undead_b, serial_undead_a,
          serial_undead_c, serial_undead_c
D:3:      tgw_xom
D:4:      minmay_temple_entry_enclosed_plants, serial_shops, shop, first_ration,
          uniq_menkaure, uniq_sigmund, uniq_blork_the_orc
D:5:      basic_altar, evilmike_ruin_ashenzari, uniq_edmund, uniq_duvessa
D:7:      kennysheep_seaside_town
D:8:      gammafunk_temple_overflow_forgotten, david_lair_generic,
          grunt_livestock
D:9:      introduction_to_nature_2
D:10:     kennysheep_orc_monster_closet_entryway, serial_shops,
          nicolae_shop_crystal, nicolae_twisting_strands,
          kennysheep_small_circle, uniq_harold
Temple:   dpeg_five_rooms_temple
Lair:2:   swamp_mist, minmay_snake_entry_six_corridors
Lair:3:   uniq_nergalle
Lair:4:   st_stairs_5, grunt_megastairs_2
Lair:6:   hangedman_lair_caniforms_friends, guppyfry_lair_end_dragon,
          minmay_slime_entry_oklob_open, serial_bayou_shore_a
